 Dungeon Crawl Stone Soup version 0.22-a0-429-g97ce8ef (webtiles) character file.

3 Mgcat the Skirmisher (level 1, 0/19 HPs)
             Began as a Barachi Fighter on May 25, 2018.
             Slain by a jackal (1 damage)
             ... on level 1 of the Dungeon.
             The game lasted 00:00:12 (67 turns).

Mgcat the Skirmisher (Barachi Fighter)                Turns: 67, Time: 00:00:13

Health: 0/19       AC:  6    Str: 17    XL:     1   Next: 50%
Magic:  1/1        EV:  7    Int:  8    God:
Gold:   14         SH:  9    Dex: 11    Spells: 0/0 levels left

rFire    . . .     SeeInvis .   a - +0 war axe
rCold    . . .     Gourm    .   c - +0 shield
rNeg     . . .     Faith    .   b - +0 scale mail
rPois    .         Spirit   .   (no helmet)
rElec    .         Reflect  .   (no cloak)
rCorr    .         Harm     .   (no gloves)
MR       .....                  (no boots)
Stlth    ..........             (no amulet)
HPRegen  0.06/turn              (no ring)
MPRegen  0.07/turn              (no ring)

@: slow
A: +LOS, swims, slowness 1, strong legs 1
a: Hop


You were on level 1 of the Dungeon.
You were not hungry.

You visited 1 branch of the dungeon, and saw 1 of its levels.

You collected 14 gold pieces.

Inventory:

Hand Weapons
 a - a +0 war axe (weapon)
Armour
 b - a +0 scale mail (worn)
 c - a +0 shield (worn)
Potions
 d - a potion of might
 e - a potion of heal wounds {unknown}
Comestibles
 f - 3 rations


   Skills:
 + Level 3.8 Fighting
 + Level 2.3 Axes
 - Level 3.6 Armour
 - Level 3.2 Shields


You couldn't memorise any spells.
You didn't know any spells.
Your spell library was empty.

Dungeon Overview and Level Annotations

Branches:
Dungeon (1/15)

Altars:


Innate Abilities, Weirdness & Mutations

Shadows flee at your approach. (+LOS)
You can swim through water.
You cover ground slowly.
You can hop short distances.


Message History

Welcome, Mgcat the Barachi Fighter.
The bosom of this dungeon contains the fabled artefact, the Orb of Zot.
Press ? for a list of commands and other information.
Found a ration and 10 gold pieces.
Found two stairs.
Lua error: attempt to yield across metamethod/C-call boundary Unknown command.
f - 2 rations (gained 1)
You now have 10 gold pieces.
You now have 14 gold pieces (gained 4).
f - 3 rations (gained 1)
e - a brown potion
Found a stone staircase leading down.
A giant cockroach and a goblin come into view.
There are monsters nearby!
The giant cockroach bites you.
You closely miss the giant cockroach.
The giant cockroach waves its antennae.
You block the giant cockroach's attack. The giant cockroach closely misses you.
You slash the giant cockroach!
You kill the giant cockroach!
No target in view!
No target in view!
The goblin is too close now for your liking.
You slash the goblin!
You kill the goblin!
No target in view!
No target in view!
A jackal and a kobold come into view.
The kobold throws a stone.
The stone barely misses you.
Things that are here:
a stone; a dagger; a goblin corpse
There are monsters nearby!
There are monsters nearby!
A jackal, a hobgoblin and a kobold come into view.
The kobold shouts!
The jackal barks!
The kobold throws a stone.
The stone hits you.
You see here a stone.
You closely miss the jackal. You block the jackal's attack.
The kobold throws a stone.
The stone hits you. The jackal barely misses you.
The kobold throws a stone.
You block the stone.
Your shield and scale mail prevent you from hitting the kobold.
You hit the jackal but do no damage. You block the jackal's attack. x2
The kobold hits you.
The kobold throws a stone.
The stone hits you.
You are too injured to fight recklessly!
You are too injured to fight recklessly!
You are too injured to fight recklessly!
You are too injured to fight recklessly!
You block the jackal's attack. You block the kobold's attack.
The jackal bites you.
Things that are here:
a stone; a dagger; a goblin corpse The jackal barely misses you.
You block the jackal's attack. The jackal bites you.
* * * LOW HITPOINT WARNING * * *
You barely miss the jackal. The jackal bites you.
* * * LOW HITPOINT WARNING * * *
The jackal bites you but does no damage.
You barely miss the jackal. You block the jackal's attack. x2
You hit the jackal.
You kill the jackal!
You block the jackal's attack.
You closely miss the jackal. The jackal bites you.
* * * LOW HITPOINT WARNING * * *
You block the jackal's attack.
You completely miss the jackal. The jackal bites you.
You die...

#.. ####.......(.#
#.#####...####.#.###
#..............#.#
#.#.#.#.#.#.........#
##.#...#.#.####.#.##.#
#.....##.#.# #.#...
#..#####.#.. ..# ##.#
#..#####)### ### #
#.KKgh@..#
########(#######.....#
..............# . ...#
(.#.....(...#.... .#
......#.g...# .
.####....[...#
#...%.....#
#........## #.#.....##


You could see a jackal, a hobgoblin and 2 kobolds.

Vanquished Creatures
  A giant cockroach (D:1)
  A jackal (D:1)
  A goblin (D:1)
3 creatures vanquished.

Notes
Turn   | Place    | Note
-------+----------+-------------------------------------------
     0 | D:1      | Mgcat the Barachi Fighter began the quest for the Orb.
     0 | D:1      | Reached XP level 1. HP: 18/18 MP: 1/1
    63 | D:1      | HP: 3/19 [jackal (2)]
    66 | D:1      | HP: 1/19 [jackal (2)]
    67 | D:1      | Slain by a jackal

Vault maps used:
D:1:      lemuel_arrival_river_bridge

Action                   || total
-------------------------++-------
Melee: War axe           ||    10
Armor: Scale mail        ||     1
Dodge: Dodged            ||     4
Block: Shield            ||    12

Table legend:
 A = Spawn XP
 B = Non-spawn XP
 C = Spawn XP percentage of total XP
 D = Spawn monster count
 E = Non-spawn monster count
 F = Spawn count percentage of total count
 G = Total turns spent on level
                    A         B        C        D         E        F      G
               +---------+---------+-------+---------+---------+-------+---------
         Total |       0 |       5 |   0.0 |       0 |       3 |   0.0 |    67
               +---------+---------+-------+---------+---------+-------+---------
           D:1 |       0 |       5 |   0.0 |       0 |       3 |   0.0 |    67
               +---------+---------+-------+---------+---------+-------+---------

Vault maps used:
D:1:      lemuel_arrival_river_bridge

Table legend:
 A = Turns spent in this place as a percentage of turns spent in the entire game.
 B = Non-inter-level travel turns spent in this place as a percentage of non-inter-level travel turns spent in the entire game.
 C = Inter-level travel turns spent in this place as a percentage of turns spent in this place.
 D = Turns resting spent in this place as a percentage of non-inter-level travel turns spent in this place.
 E = Turns spent auto-exploring this place as a percentage of non-inter-level travel turns spent in this place.
 F = Non-inter-level travel turns spent in this place divided by the number of levels of this place that you've seen.
                   A       B       C       D       E      F
               +-------+-------+-------+-------+-------+----------------------
         Total | 100.0 | 100.0 |   0.0 |   0.0 |  67.2 |  67.0
       Dungeon | 100.0 | 100.0 |   0.0 |   0.0 |  67.2 |  67.0
               +-------+-------+-------+-------+-------+----------------------

Table legend:
 A = Kills in this place as a percentage of kills in entire the game.
 B = Kills by you in this place as a percentage of kills by you in the entire game.
 C = Kills by friends in this place as a percentage of kills by friends in the entire game.
 D = Other kills in this place as a percentage of other kills in the entire game.
 E = Experience gained in this place as a percentage of experience gained in the entire game.
 F = Experience gained in this place divided by the number of levels of this place that you have seen.
                   A       B       C       D       E      F
               +-------+-------+-------+-------+-------+----------------------
         Total | 100.0 | 100.0 |   N/A |   N/A | 100.0 |   5.0
       Dungeon | 100.0 | 100.0 |   N/A |   N/A | 100.0 |   5.0
               +-------+-------+-------+-------+-------+----------------------
